AoeStats
← Psychonaut

Black Forest

505119612Analyzed
4v4 RM · 25d ago on Sep 7, 2026· 60m 35s· 8 players
Game mode
Random Map
Map size
Large (8 player)
Population
200
Speed
Normal
Resources
Standard
Victory
Conquest
Starting age
Dark Age
Ending age
Imperial Age
RankedLock teamsTeams togetherTeam positionsShared explorationLock speedFull tech treeHidden civsTurbo modeCheats
Victory
Defeat
🇧🇷 Lithuanians · Brazil
1047
+9
🇺🇸 Bohemians · United States
965
+12
🇷🇴 Aztecs · Romania
935
+13
🇬🇧 Turks · United Kingdom
892
+15
🇧🇷 Bohemians · Brazil
923
-37
🇺🇸 Georgians · United States
918
-14
🇺🇦 Turks · Ukraine
846
-11
🇵🇱 Magyars · Poland
828
-10
MyPaddedCell
0:43 Loom
14:21 Feudal Age
20:09 Castle Age
18:50 Horse Collar
19:00 Double-Bit Axe
27:40 Scale Barding Armor
27:45 Forging
30:17 Bloodlines
30:44 Husbandry
33:49 Chain Barding Armor
34:05 Iron Casting
38:27 Bow Saw
39:36 Redemption
39:47 Svan Towers
46:32 Iron Casting
53:11 Imperial Age
52:40 Pikeman
53:21 Halberdier
jagermesiter
0:37 Loom
12:41 Feudal Age
13:37 Man-at-Arms
22:44 Castle Age
21:16 Double-Bit Axe
21:26 Horse Collar
22:42 Bloodlines
22:52 Gold Mining
24:31 Wheelbarrow
23:28 Light Cavalry
25:01 Husbandry
26:14 Scale Barding Armor
28:12 Corvinian Army
29:54 Heavy Plow
35:34 Imperial Age
36:00 Elite Magyar Huszar
38:05 Chain Barding Armor
38:41 Bow Saw
39:04 Crop Rotation
41:05 Murder Holes
44:30 Plate Barding Armor
45:11 Pikeman
45:40 Arson
46:17 Halberdier
49:08 Scale Mail Armor
49:30 Masonry
52:22 Chain Mail Armor
Tasmanian Devil
1:27 Loom
14:46 Feudal Age
14:51 Man-at-Arms
15:21 Double-Bit Axe
18:05 Wheelbarrow
18:26 Forging
18:17 Scale Mail Armor
22:47 Horse Collar
23:40 Town Watch
24:12 Fletching
27:45 Castle Age
32:14 Heavy Plow
32:26 Bow Saw
36:26 Chemistry
39:08 Imperial Age
37:37 Chain Mail Armor
37:57 Iron Casting
37:45 Pikeman
38:25 Squires
38:11 Arson
38:58 Padded Archer Armor
38:54 Bodkin Arrow
38:40 Elite Skirmisher
39:49 Halberdier
42:05 Two-Man Saw
42:16 Plate Mail Armor
42:47 Blast Furnace
42:03 Leather Archer Armor
41:48 Bracer
45:57 Town Patrol
46:13 Hand Cart
48:35 Ring Archer Armor
54:08 Ballistics
54:34 Fervor
56:34 Guilds
PERSI乛KITLER
2:17 Loom
12:06 Feudal Age
15:47 Castle Age
14:59 Horse Collar
15:08 Double-Bit Axe
18:30 Wheelbarrow
18:12 Heavy Plow
25:32 Bow Saw
25:17 Gold Mining
25:28 Stone Mining
29:38 Gold Shaft Mining
31:54 Imperial Age
30:14 Fletching
32:33 Hand Cart
32:19 Bodkin Arrow
35:27 Bracer
35:27 Padded Archer Armor
36:35 Two-Man Saw
39:02 Leather Archer Armor
39:39 Elite Janissary
41:46 Ballistics
41:23 Murder Holes
41:40 Masonry
41:20 Town Watch
42:33 Ring Archer Armor
42:13 Caravan
53:01 Town Patrol
53:31 Guilds
57:37 Architecture
Doby1Konobi
1:01 Loom
14:52 Feudal Age
19:54 Castle Age
25:38 Crossbowman
30:17 Ballistics
30:59 Chemistry
36:16 Arson
38:24 Fortified Wall
41:00 Double-Bit Axe
41:10 Horse Collar
44:44 Forging
44:35 Scale Mail Armor
44:26 Fletching
46:23 Pikeman
47:56 Squires
49:48 Treadmill Crane
50:05 Murder Holes
50:56 Bodkin Arrow
51:01 Padded Archer Armor
53:36 Fervor
53:49 Sanctity
53:25 Herbal Medicine
53:46 Wagenburg Tactics
57:41 Imperial Age
57:30 Leather Archer Armor
57:30 Chain Mail Armor
57:51 Iron Casting
dpiddock77
0:29 Loom
17:17 Feudal Age
20:27 Wheelbarrow
23:57 Castle Age
22:47 Double-Bit Axe
27:46 Horse Collar
33:20 Heavy Plow
33:37 Bow Saw
40:29 Hand Cart
44:00 Imperial Age
44:34 Caravan
Psychonaut
7:57 Loom
11:14 Feudal Age
15:59 Castle Age
14:23 Double-Bit Axe
17:07 Bow Saw
18:10 Wheelbarrow
18:34 Horse Collar
19:00 Gold Mining
24:04 Scale Barding Armor
26:22 Chain Barding Armor
27:16 Forging
29:40 Iron Casting
30:07 Hand Cart
30:13 Bloodlines
30:03 Husbandry
36:07 Imperial Age
33:47 Town Watch
37:05 Fletching
37:36 Padded Archer Armor
38:12 Coinage
37:39 Cavalier
38:55 Plate Barding Armor
38:28 Stone Mining
39:18 Banking
39:15 Conscription
38:15 Elite Leitis
42:05 Chemistry
40:51 Paladin
51:43 Caravan
Veni Vidi Avicii 2
3:00 Loom
17:19 Feudal Age
17:49 Arson
21:17 Horse Collar
25:10 Double-Bit Axe
26:24 Stone Mining
26:26 Gold Mining
27:29 Forging
27:21 Scale Mail Armor
29:46 Castle Age
28:24 Wheelbarrow
27:34 Town Watch
30:06 Pikeman
30:46 Squires
30:32 Gambesons
31:29 Chain Mail Armor
31:55 Iron Casting
39:29 Bow Saw
43:55 Imperial Age
41:28 Heavy Plow
42:10 Atlatl
42:59 Hand Cart
45:51 Conscription
48:04 Crop Rotation
48:13 Plate Mail Armor
48:49 Blast Furnace
48:19 Garland Wars
47:50 Elite Jaguar Warrior
51:36 Sappers
51:59 Fletching
52:10 Padded Archer Armor
55:05 Bodkin Arrow
55:57 Coinage
56:20 Bracer
58:56 Fortified Wall
59:08 Ballistics
59:48 Chemistry
58:54 Siege Engineers
Connection lost

Rejoining the realm…

Still unreachable

The connection could not be restored.

Session expired

The server has moved on; the page needs a fresh start.